 Dungeon Crawl Stone Soup version 0.19.3 (webtiles) character file.

4225 nono the Shield-Bearer (level 10, 0/60 HPs)
             Began as a Halfling Assassin on Jan 24, 2017.
             Was a High Priest of Uskayaw.
             Slain by a centaur warrior (9 damage)
             ... on level 8 of the Dungeon.
             The game lasted 00:35:09 (10267 turns).

nono the Shield-Bearer (Halfling Assassin)         Turns: 10267, Time: 00:35:09

Health: 0/60       AC: 21    Str: 13    XL:     10   Next: 55%
Magic:  0/15       EV: 13    Int:  9    God:    Uskayaw [*****.]
Gold:   414        SH: 11    Dex: 17    Spells: 0 memorised, 9 levels left

rFire  . . .     SeeInvis .     a - +3 dagger (protect)
rCold  . . .     Gourm    .     A - +0 scale mail
rNeg   . . .     Faith    .     E - +0 shield
rPois  +         Spirit   +     o - +1 helmet
rElec  +         Reflect  .     d - +0 cloak
rCorr  +         Harm     .     F - +0 pair of gloves
MR     +....                    z - +0 pair of boots
Stlth  ++........               D - amulet of guardian spirit
                                S - ring "Amua" {rCorr +Inv rElec rPois Str-2}
                                I - ring of protection from magic

@: protection aura, flying, very slightly contaminated, hasted, very quick
A: mutation resistance 1
a: Stomp, Line Pass, Grand Finale, Renounce Religion, Evoke Invisibility


You were on level 8 of the Dungeon.
You worshipped Uskayaw.
Uskayaw was noncommittal.
You were near starving.

You visited 2 branches of the dungeon, and saw 11 of its levels.

You collected 414 gold pieces.

Inventory:

Hand Weapons
 a - a +3 dagger of protection (weapon)
 b - a +0 blowgun
 f - a +0 hand axe of freezing
 k - a +0 dagger of flaming
 t - a +0 hunting sling
 K - a +0 falchion
Missiles
 e - 20 poisoned needles
 p - a throwing net (quivered)
 r - 50 sling bullets
 G - a curare-tipped needle
Armour
 d - a +0 cloak (worn)
 o - a +1 helmet (worn)
 z - a +0 pair of boots (worn)
 A - a +0 scale mail (worn)
 E - a +0 shield (worn)
 F - a +0 pair of gloves (worn)
 O - a +0 plate armour
 P - a +1 leather armour of poison resistance
Jewellery
 i - an uncursed ring of positive energy
 s - an uncursed amulet of the gourmand
 x - a +3 ring of intelligence
 C - an uncursed ring of protection from fire
 D - an amulet of guardian spirit (around neck)
 I - a ring of protection from magic (left hand)
 S - the ring "Amua" (right hand) {rCorr +Inv rElec rPois Str-2}
   (You found it on level 7 of the Dungeon)

   [ring of resist corrosion]

   It affects your strength (-2).
   It insulates you from electricity.
   It protects you from poison.
   It lets you turn invisible.
Wands
 H - a wand of flame (24/48)
 J - a wand of random effects (0/48)
Scrolls
 m - a scroll of immolation
 n - 2 scrolls of amnesia {unknown}
 v - 3 scrolls of teleportation
 w - 6 scrolls of magic mapping
 y - 4 scrolls of enchant weapon
 B - 8 scrolls of identify
 L - a scroll of enchant armour
 M - a scroll of random uselessness
 T - a scroll of remove curse
Potions
 j - a potion of brilliance
 R - a potion of mutation
Books
 c - a book of Cantrips

   Spells                             Type                      Level
   a - Confusing Touch                Hexes                        1
   b - Animate Skeleton               Necromancy                   1
   c - Summon Small Mammal            Summoning                    1
   d - Apportation                    Translocation                1
 N - a book of Misfortune

   Spells                             Type                      Level
   a - Confusing Touch                Hexes                        1
   b - Confuse                        Hexes                        3
   c - Gell's Gravitas                Hexes/Translocation          3
   d - Petrify                        Transmutation/Earth          4
   e - Metabolic Englaciation         Hexes/Ice                    5
   f - Yara's Violent Unravelling     Hexes/Transmutation          5
Comestibles
 g - 5 bread rations
 h - 7 meat rations
 l - a beef jerky
 q - 20 fruits


   Skills:
 - Level 1.7 Fighting
 - Level 2.4(5.4) Short Blades
 - Level 6.3(6.5) Long Blades
 - Level 2.0 Throwing
 - Level 6.9 Armour
 - Level 6.9 Dodging
 - Level 4.6 Stealth
 + Level 7.4 Shields
 - Level 6.9 Invocations


You had 9 spell levels left.
You didn't know any spells.

Dungeon Overview and Level Annotations

Branches:
Dungeon (10/15)            Temple (1/1) D:7
   Lair: D:8-11         Orc: D:9-12

Altars:
Ashenzari
Cheibriados
Dithmenos
Fedhas
Gozag
Kikubaaqudgha
Makhleb
Nemelex Xobeh
Okawaru
Qazlal
Ru
Sif Muna
Uskayaw
Xom
Yredelemnul
Zin

Shops:
D:9 (?

Annotations:
D:3 theAP's ghost, amateur GrAr
D:9 Erica


Innate Abilities, Weirdness & Mutations

You are small and have problems with some larger weapons.
You are somewhat resistant to further mutation.


Message History

The centaur warrior completely misses you.
You hit the centaur warrior but do no damage.
The centaur warrior is severely wounded.
You closely miss the centaur warrior.
The centaur warrior is severely wounded.
You block the centaur warrior's attack.
You hit the centaur warrior.
The centaur warrior is severely wounded.
You block the centaur warrior's attack.
You hit the centaur warrior but do no damage.
The centaur warrior is severely wounded.
The centaur warrior hits you!
* * * LOW HITPOINT WARNING * * *
You hit the centaur warrior.
The centaur warrior is almost dead.
You can now merge with and destroy a victim.
You hit the centaur warrior.
The centaur warrior is almost dead.
The centaur warrior hits you!
You die...

#......## #.. ##......# #..#
#......# ##..# #####
#......###..#
##...###.....###..#
##.....##......##.##
#.......#......#.##
#.....).#.........##
#....c@(#...>......##
##....)##....##.....###
#....'#...###...#####.....#
#8.....##.####.###.........#
...O..##..##.'###...........
......#..##...#.............
....8##.##...##.............
....##......###.............
##+##......####.............


You could see a centaur warrior.

Vanquished Creatures
  A hill giant (D:8)
  A two-headed ogre (D:8)
  3 hippogriffs
  A wyvern (shapeshifter) (D:8)
  A yak (D:9)
  2 water moccasins
  An orc warrior (D:7)
  Duvessa (D:7)
  An ice beast (D:9)
  A black bear (D:8)
  A sky beast (D:4)
  An ogre (D:4)
  A big kobold (D:9)
  5 bullfrogs
  Dowan (D:7)
  2 scorpions
  3 howler monkeys
  3 crimson imps
  6 hounds
  4 orc wizards
  4 orc priests
  Jessica (D:2)
  4 iguanas
  8 worker ants
  4 hound zombies
  A hound skeleton (D:4)
  11 adders
  3 worms (D:2)
  2 dart slugs (D:1)
  6 leopard geckos
  24 orcs
  A ball python (D:1)
  7 giant cockroaches
  7 hobgoblins
  12 jackals
  4 quokkas
  7 bats
  9 frilled lizards
  11 goblins
  A jackal skeleton (D:4)
  A jackal zombie (D:7)
  5 kobolds
  7 rats
180 creatures vanquished.

Vanquished Creatures (others)
  Pikel (D:6)
  A bullfrog zombie (D:6)
  An adder skeleton (D:6)
3 creatures vanquished.

Grand Total: 183 creatures vanquished

Notes
Turn   | Place    | Note
-------+----------+-------------------------------------------
     0 | D:1      | nono the Halfling Assassin began the quest for the Orb.
     0 | D:1      | Reached XP level 1. HP: 14/14 MP: 1/1
   173 | D:1      | Reached XP level 2. HP: 18/19 MP: 2/2
   405 | D:1      | Reached XP level 3. HP: 24/24 MP: 3/3
   420 | D:1      | Reached skill level 1 in Armour
   866 | D:2      | Reached XP level 4. HP: 29/29 MP: 4/4
  1331 | D:2      | Noticed Jessica
  1352 | D:2      | Killed Jessica
  1566 | D:2      | Reached XP level 5. HP: 9/34 MP: 5/5
  2454 | D:3      | Found a shattered altar of Ashenzari.
  2454 | D:3      | Found a sacrificial altar of Ru.
  2462 | D:3      | Found an iron altar of Okawaru.
  2463 | D:3      | Found a sparkling altar of Nemelex Xobeh.
  2463 | D:3      | Found a hide-covered altar of Uskayaw.
  2464 | D:3      | Found an opulent altar of Gozag.
  2476 | D:3      | Found a stormy altar of Qazlal.
  2481 | D:3      | Became a worshipper of Uskayaw the Reveler
  2520 | D:3      | Noticed theAP's ghost (amateur GrAr)
  2687 | D:4      | Reached * piety under Uskayaw
  2692 | D:4      | Reached ** piety under Uskayaw
  2766 | D:4      | Noticed a phantom
  2850 | D:5      | Entered Level 5 of the Dungeon
  3117 | D:4      | Reached XP level 6. HP: 39/39 MP: 6/6
  3573 | D:4      | Noticed an ogre
  3580 | D:4      | Reached *** piety under Uskayaw
  3581 | D:4      | Killed an ogre
  3636 | D:4      | Noticed a hippogriff
  3706 | D:4      | Killed a hippogriff
  3706 | D:4      | Reached skill level 5 in Armour
  3706 | D:4      | Reached skill level 5 in Dodging
  3706 | D:4      | Reached XP level 7. HP: 8/44 MP: 1/7
  5010 | D:4      | Reached XP level 8. HP: 23/49 MP: 8/8
  6094 | D:6      | Found a blossoming altar of Fedhas.
  6095 | D:6      | Noticed Pikel
  6108 | D:6      | Paralysed by Pikel for 2 turns
  6194 | D:6      | Killed Pikel
  6955 | D:7      | Found a staircase to the Ecumenical Temple.
  6971 | D:7      | Reached XP level 9. HP: 54/54 MP: 12/12
  7074 | D:7      | Reached skill level 5 in Invocations
  7081 | Temple   | Entered the Ecumenical Temple
  7465 | D:7      | Reached skill level 5 in Long Blades
  7547 | D:7      | Noticed Duvessa
  7550 | D:7      | Noticed Dowan
  7565 | D:7      | Killed Duvessa
  7569 | D:7      | Reached **** piety under Uskayaw
  7579 | D:7      | Killed Dowan
  7602 | D:7      | Got a shimmering golden ring
  7604 | D:7      | Identified the ring "Amua" {rCorr +Inv rElec rPois Str-2} (You found it on level 7 of the Dungeon)
  7792 | D:7      | Found an ancient bone altar of Kikubaaqudgha.
  8530 | D:8      | Found a runed door.
  8584 | D:8      | Noticed a hippogriff
  8606 | D:8      | Killed a hippogriff
  8633 | D:8      | Noticed a hippogriff
  8670 | D:9      | Reached XP level 10. HP: 11/60 MP: 4/15
  8915 | D:9      | Found Eptusex's Magic Scroll Emporium.
  8972 | D:9      | Reached skill level 1 in Shields
  9031 | D:9      | Reached skill level 2 in Shields
  9228 | D:9      | Found Qipsaff's Antique Weapon Shoppe.
  9313 | D:9      | Reached skill level 4 in Shields
  9448 | D:9      | Noticed Erica
  9689 | D:9      | Found a snail-covered altar of Cheibriados.
  9784 | D:10     | Entered Level 10 of the Dungeon
  9888 | D:9      | Reached skill level 5 in Shields
 10021 | D:8      | Reached skill level 6 in Shields
 10187 | D:8      | Noticed a hill giant
 10203 | D:8      | Noticed a centaur warrior
 10233 | D:8      | Killed a hill giant
 10233 | D:8      | Reached skill level 7 in Shields
 10266 | D:8      | Reached ***** piety under Uskayaw
 10267 | D:8      | Slain by a centaur warrior

Skill      XL: |  1  2  3  4  5  6  7  8  9 10 |
---------------+-------------------------------+-----
Dodging        | 2 3 4 5 6 |  6.9
Armour         | 1 2 3 5 6 |  6.9
Long Blades    | 4 6 |  6.3
Invocations    | 4 6 |  6.9
Shields        | 7 |  7.4
Fighting       | |  1.7
Short Blades   | |  2.4
Throwing       | |  2.0
Stealth        | |  4.6

Action                   |  1- 3 |  4- 6 |  7- 9 | 10-12 || total
-------------------------+-------+-------+-------+-------++-------
Melee: Dagger            |   125 |   313 |   578 |   322 ||  1338
       Hand axe          |       |       |     6 |    48 ||    54
 Fire: Blowgun           |       |     4 |    14 |     3 ||    21
Throw: Throwing net      |       |       |     1 |       ||     1
Invok: Line Pass         |       |     2 |     6 |     5 ||    13
       Stomp             |       |     1 |     2 |       ||     3
Evoke: Wand              |       |       |    11 |     1 ||    12
  Use: Scroll            |     3 |     4 |     6 |     2 ||    15
       Potion            |       |     1 |     5 |     4 ||    10
 Stab: Sleeping          |     8 |    10 |     4 |     1 ||    23
       Confused          |       |     1 |     1 |     2 ||     4
       Paralysed         |       |     1 |     7 |     5 ||    13
       Distracted        |       |       |       |     1 ||     1
  Eat: Chunk             |       |     8 |    17 |     6 ||    31
       Pizza             |       |     1 |       |       ||     1
       Royal jelly       |       |       |     1 |       ||     1
Armor: Robe              |     3 |       |       |       ||     3
       Ring mail         |    31 |    69 |       |       ||   100
       Scale mail        |       |    46 |   166 |   103 ||   315
       Leather armour    |       |       |    11 |       ||    11
Dodge: Dodged            |   109 |   216 |   426 |   145 ||   896
Block: Shield            |       |       |       |   141 ||   141
